 Dungeon Crawl Stone Soup version 0.25.1-2-g60ff931df9 (webtiles) character file.

Game seed: 6633422864233699119

737 Acheron the Ruffian (level 7, -4/63 HPs)
             Began as a Troll Earth Elementalist on July 29, 2020.
             Was an Initiate of Okawaru.
             Slain by an orc wizard
             ... wielding a +1 whip of electrocution
              (20 damage)
             ... on level 4 of the Dungeon.
             The game lasted 00:20:40 (3962 turns).

Acheron the Ruffian (Troll Earth Elementalist)      Turns: 3962, Time: 00:20:40

Health: -4/63      AC:  7    Str: 17    XL:     7   Next: 46%
Magic:  9/9        EV: 11    Int: 11    God:    Okawaru [......]
Gold:   233        SH:  0    Dex: 12    Spells: 7/10 levels left

rFire    . . .     SeeInvis .     - Unarmed
rCold    . . .     Gourm    +   (no shield)
rNeg     . . .     Faith    .   c - +0 robe
rPois    .         Spirit   .   (helmet restricted)
rElec    .         Reflect  .   k - +0 cloak
rCorr    .         Harm     .   (gloves unavailable)
MR       .....                  (boots unavailable)
Stlth    ++........             (no amulet)
HPRegen  0.60/turn              (no ring)
MPRegen  0.11/turn              (no ring)

@: no status effects
A: large, unfitting armour, claws 3, fast metabolism 3, gourmand, regeneration
1, shaggy fur 1, tough skin 3
a: Renounce Religion


You were on level 4 of the Dungeon.
You worshipped Okawaru.
Okawaru was noncommittal.
You were very full.

You visited 1 branch of the dungeon, and saw 5 of its levels.

You collected 233 gold pieces.

Inventory:

Hand Weapons
 m - a +2 vorpal flail
 n - a +3 dagger
Missiles
 b - 324 stones (quivered)
 j - 40 sling bullets
Armour
 c - a +0 robe (worn)
 k - a +0 cloak (worn)
Jewellery
 h - an uncursed ring of fire
Scrolls
 a - 2 scrolls of teleportation
 e - 2 scrolls of enchant weapon
 f - a scroll of amnesia {unknown}
 l - a scroll of enchant armour {unknown}
 q - a scroll of fog
 r - 2 scrolls of remove curse
Potions
 g - a potion of flight {unknown}
 o - a potion of lignification {unknown}
 p - a potion of magic
 s - 2 potions of brilliance
 t - a potion of curing {unknown}
 u - a potion of ambrosia {unknown}
Comestibles
 d - 9 rations
 i - 3 chunks of flesh


   Skills:
 * Level 1.7 Fighting
 * Level 3.5 Dodging
 * Level 1.7 Stealth
 * Level 4.4 Unarmed Combat
 * Level 2.2 Spellcasting
 + Level 0.6 Transmutations
 * Level 3.8 Earth Magic


You had 7 spell levels left.
You knew the following spells:

 Your Spells              Type           Power        Failure   Level  Hunger
a - Sandblast             Erth           #.....       6%          1    ##.....
b - Passwall              Tmut/Erth      #.......     17%         2    ###....

Your spell library contained the following spells:

 Spells                   Type           Power        Failure   Level  Hunger
 Stone Arrow              Conj/Erth      #.....       36%         3    ####...
 Petrify                  Tmut/Erth      #.......     75%         4    #####..
 Lee's Rapid Deconstruct  Erth           #.........   86%         5    ######.


Dungeon Overview and Level Annotations

Branches:
Dungeon (5/15)
 Temple: D:4-7

Altars:
Cheibriados
Elyvilon
Fedhas
Hepliaklqana
Kikubaaqudgha
Nemelex Xobeh
Okawaru
Sif Muna
Uskayaw
Zin
The Shining One

Annotations:
D:2 exclusion: downstairs


Innate Abilities, Weirdness & Mutations

You are too large for most types of armour.
You have claws for hands.
Your metabolism is lightning-fast.
You like to eat raw meat.
Your natural rate of healing is unusually fast.
You are covered in fur. (AC +1)
You have extremely tough skin. (AC +3)


Message History

You kill the orc!
Okawaru accepts your kill. The orc wizard casts a spell at you.
The magic dart hits you.
Items here: ( ) [ † a +0 club; 3 boomerangs; a +0 chain mail; an orc corpse You see here a dagger.
The orc wizard hits you but does no damage.
You are electrocuted!
You closely miss the orc wizard.
The orc wizard gestures wildly while chanting.
The orc wizard flickers and vanishes!
Deactivating autopickup; reactivate with Ctrl-A.
You miss something. Something hits you but does no damage.
You are electrocuted!
You miss something. Something hits you!
You are electrocuted!!
* * * LOW HITPOINT WARNING * * *
You scratch something. Something hits you but does no damage.
You are electrocuted!!
You die...

###.......... ### #.#........._
##.#####........#...
##..##.........###..#
#..........#....#..##
#.....##.###...##..#
#.....#.###...##...
#.....#.#.#........ #
#.@...#.....####### ### #≈≈≈≈#
###{.....#......... #≈.##
....≈.##.#)).####...#...#. .≈...
.≈≈≈≈.......#####.........
.≈≈..##............# #...........
.≈.≈...............# #...........
.≈≈.............o..####....#...#.
................≈.....#..........
#.......#....≈.≈.........#######


There were no monsters in sight!

Vanquished Creatures
  2 ogres (D:4)
  A big kobold (D:4)
  A howler monkey (D:4)
  3 orc priests
  An orc wizard (D:3)
  2 centaur skeletons (D:4)
  An iguana (D:3)
  2 worker ants
  7 adders
  A gnoll (D:3)
  An ooze (D:2)
  An adder skeleton (D:4)
  4 worms
  A dart slug (D:2)
  4 leopard geckos
  15 orcs
  3 giant cockroaches
  9 goblins
  7 hobgoblins
  3 jackals
  13 kobolds
  2 quokkas
  12 bats
  6 frilled lizards
  A quokka skeleton (D:4)
  8 rats
  A plant (D:1)
112 creatures vanquished.

Notes
Turn   | Place    | Note
-------+----------+-------------------------------------------
     0 | D:1      | Acheron the Troll Earth Elementalist began the quest for
                  | the Orb.
     0 | D:1      | Reached XP level 1. HP: 16/16 MP: 1/1
   256 | D:1      | Reached XP level 2. HP: 24/24 MP: 3/3
   260 | D:1      | Learned a level 2 spell: Passwall
   902 | D:1      | Reached XP level 3. HP: 32/32 MP: 1/4
  1046 | D:2      | Reached skill level 1 in Unarmed Combat
  1340 | D:2      | Reached XP level 4. HP: 34/40 MP: 5/5
  1808 | D:2      | Found a glowing golden altar of the Shining One.
  2686 | D:3      | Reached skill level 2 in Unarmed Combat
  2686 | D:3      | Reached XP level 5. HP: 15/46 MP: 6/6
  2692 | D:3      | Reached skill level 1 in Fighting
  2797 | D:3      | Found a snail-covered altar of Cheibriados.
  2872 | D:3      | Found a hide-covered altar of Uskayaw.
  2976 | D:4      | Found a blossoming altar of Fedhas.
  2976 | D:4      | Found an ancient bone altar of Kikubaaqudgha.
  3030 | D:4      | Reached XP level 6. HP: 37/55 MP: 6/8
  3034 | D:4      | Reached skill level 3 in Unarmed Combat
  3103 | D:5      | Entered Level 5 of the Dungeon
  3266 | D:5      | Found a sparkling altar of Nemelex Xobeh.
  3266 | D:5      | Found a white marble altar of Elyvilon.
  3293 | D:4      | HP: 2/55 [ogre/+0 giant club (29)]
  3456 | D:4      | Found a shimmering blue altar of Sif Muna.
  3510 | D:4      | Reached skill level 4 in Unarmed Combat
  3510 | D:4      | Reached XP level 7. HP: 35/62 MP: 9/9
  3586 | D:4      | Found a hazy altar of Hepliaklqana.
  3587 | D:4      | Found an iron altar of Okawaru.
  3587 | D:4      | Found a shimmering blue altar of Sif Muna.
  3588 | D:4      | Found a glowing silver altar of Zin.
  3588 | D:4      | Found a glowing golden altar of the Shining One.
  3595 | D:4      | Became a worshipper of Warmaster Okawaru
  3962 | D:4      | Slain by an orc wizard

Illustrated notes

Levels and vault maps discovered:
D:1:      nagdon_arrival_double_spiral, layout_loops_ring,
          lexackson_kobold_supper
D:2:      layout_loops_ring, tso_altar
D:3:      layout_basic, nicolae_overflow_hidden_temple,
          eat_drink_and_be_merry_uskayaw, gammafunk_ghost_smash, first_ration
D:4:      cheibrodos_pilgrimage, layout_cave_pools,
          grunt_temple_overflow_growth_and_decay, grunt_temple_overflow_open,
          serial_rivers, chequers_serial_rivers_micro_d,
          chequers_serial_rivers_micro_c, chequers_serial_rivers_marsh,
          chequers_serial_rivers_small_3, chequers_serial_rivers_micro_d,
          chequers_serial_rivers_micro_c, st_stairs_7, led_sif_pool
D:5:      layout_rooms, gammafunk_temple_overflow_elements,
          nicolae_ashenzari_panopticon

Skill      XL: |  1  2  3  4  5  6 |
---------------+-------------------+-----
Earth Magic    | 3 |  3.8
Unarmed Combat | 1 2 4 |  4.4
Dodging        | 2 3 |  3.5
Fighting       | 1 |  1.7
Spellcasting   | 2 |  2.2
Stealth        | |  1.7
Transmutations | |  0.6

Action                   |  1- 3 |  4- 6 |  7- 9 || total
-------------------------+-------+-------+-------++-------
Melee: Unarmed           |   149 |   227 |    48 ||   424
       Punch             |       |     2 |       ||     2
 Cast: Sandblast         |    18 |     8 |     8 ||    34
  Use: Scroll            |     4 |     5 |       ||     9
       Potion            |       |     2 |     1 ||     3
 Stab: Sleeping          |     1 |     1 |       ||     2
  Eat: Chunk             |    18 |    21 |     4 ||    43
Armor: Robe              |    47 |   149 |    13 ||   209
Dodge: Dodged            |    72 |   183 |    32 ||   287
